 Dungeon Crawl Stone Soup version 0.19-a0-1626-g5215c36 (webtiles) character file.

35 jacquesderrida the Ruffian (level 3, 1/18 HPs)
             Began as a Vine Stalker Skald on Sept 18, 2016.
             Quit the game on level 3 of the Dungeon.
             The game lasted 00:02:54 (416 turns).

jacquesderrida the Ruffian (Vine Stalker Skald)      Turns: 416, Time: 00:02:55

Health: 1/18       AC:  3    Str: 14    XL:     3   Next: 33%
Magic:  2/7        EV: 11    Int: 18    God:
Gold:   65         SH:  0    Dex: 13    Spells: 1 memorised, 5 levels left

rFire  . . .     SeeInvis .       - Unarmed
rCold  . . .     Gourm    .     a - +0 leather armour
rNeg   . . .     Faith    .     (no shield)
rPois  .         Spirit   +     (no helmet)
rElec  .         Dismiss  .     (no cloak)
rCorr  .         Reflect  .     (no gloves)
MR     .....     Harm     .     (no boots)
Stlth  +.........               (no amulet)
                                (no ring)
                                (no ring)

@: brilliant, lethally poisoned (1 -> -1)
A: fangs 2, magic shield, antimagic bite, no device heal 3, rot immunity
a: no special abilities


You were on level 3 of the Dungeon.
You were not hungry.

You visited 1 branch of the dungeon, and saw 3 of its levels.

You collected 65 gold pieces.

Inventory:

Armour
 a - a +0 leather armour (worn)
Scrolls
 d - a scroll of remove curse
 e - a scroll of magic mapping {unknown}
 f - a scroll of identify {unknown}
 h - 2 scrolls of enchant armour {unknown}
 k - a scroll of noise {unknown}
Books
 b - a book of Battle

   Spells                             Type                      Level
   a - Infusion                       Charms                       1
   b - Shroud of Golubria             Charms/Translocation         2
   c - Song of Slaying                Charms                       2
   d - Spectral Weapon                Hexes/Charms                 3
   e - Regeneration                   Charms/Necromancy            3
Comestibles
 c - 3 bread rations


   Skills:
 - Level 1.7 Fighting
 - Level 0.7 Armour
 - Level 0.7 Dodging
 + Level 3.6 Unarmed Combat
 - Level 2.1 Spellcasting
 - Level 3.0 Charms


You had 5 spell levels left.
You knew the following spells:

 Your Spells              Type           Power        Failure   Level  Hunger
a - Infusion              Chrm           ###.         1%          1    #......


Dungeon Overview and Level Annotations

Branches:
Dungeon (3/15)

Altars:


Innate Abilities, Weirdness & Mutations

You have extremely sharp teeth.
When hurt, damage is shared between your health and your magic reserves.
Your bite disrupts and absorbs the magic of your enemies.
Potions and wands cannot restore your health.
You are immune to rotting.


Message History

You hit the adder. Your bite misses the adder.
The adder is severely wounded.
The adder bites you.
You closely miss the adder. You bite the adder. You drain its power.
You feel invigorated.
The adder is almost dead.
The adder bites you.
* * * LOW HITPOINT WARNING * * *
You hit the adder.
You kill the adder!
You feel sick. The adder bites you.
* * * LOW HITPOINT WARNING * * *
Unknown command.
As you read the scroll labeled REDAIT DELE, it crumbles to dust.
You feel blessed for a moment.
It was a scroll of remove curse.
The adder bites you.
* * * LOW HITPOINT WARNING * * *
Unknown command.
Okay, then.
Are you sure you want to abandon this character and quit the game? (Confirm with "yes".)

#†#<#####..
#.#.# #.#.#
##.#.# #..#.#
#.##.# #.##.#
#.##.# #.##@#
#.##S# #.##K#
#.##.########.#
#.##..........#
#..............
############..#


You could see an adder and a kobold.

Vanquished Creatures
  An adder (D:3)
  A bat (D:2)
  2 giant cockroaches
  3 goblins
  4 hobgoblins
  4 jackals (D:2)
  A ball python (D:2)
  4 frilled lizards
  A kobold (D:1)
  3 rats (D:2)
24 creatures vanquished.

Notes
Turn   | Place    | Note
-------+----------+-------------------------------------------
     0 | D:1      | jacquesderrida the Vine Stalker Skald began the quest for the Orb.
     0 | D:1      | Reached XP level 1. HP: 11/11 MP: 4/4
    50 | D:1      | Noticed an ogre
    50 | D:1      | Noticed an ogre
    50 | D:1      | Noticed an ogre
    58 | D:1      | Noticed an ogre
   121 | D:1      | Reached XP level 2. HP: 10/15 MP: 4/6
   355 | D:2      | Reached XP level 3. HP: 11/18 MP: 7/7
   416 | D:3      | Quit the game

Vault maps used:
D:1:      erik_arrival_cave_to_civilisation, st_stairs_9, minmay_tromino_mix6
D:3:      lemuel_castle_with_subvaults, lemuel_doored_altar, ecumenical_altar_1

Skill      XL: |  1  2 |
---------------+-------+-----
Unarmed Combat | 3 |  3.6
Fighting       | |  1.7
Armour         | |  0.7
Dodging        | |  0.7
Spellcasting   | |  2.1
Charms         | |  3.0

Action                   || total
-------------------------++-------
Melee: Unarmed           ||    86
       Bite              ||    16
  Use: Potion            ||     3
       Scroll            ||     1
Armor: Leather armour    ||    22
Dodge: Dodged            ||    50
